 Dungeon Crawl Stone Soup version 0.25-a0-561-g0977b4d109 (webtiles) character file.

Game seed: 18330956410412624917, levelgen mode: deterministic

24062 Flugslaktarn the Cleaver (level 12, 0/100 HPs)
             Began as a Deep Dwarf Fighter on Feb 25, 2020.
             Was a High Priest of Makhleb.
             Killed from afar by a ynoxinul (31 damage)
             ... with an iron shot
             ... on level 1 of the Abyss.
             The game lasted 00:09:32 (9787 turns).

Flugslaktarn the Cleaver (Deep Dwarf Fighter)       Turns: 9787, Time: 00:09:33

Health: 0/100      AC: 27    Str: 22    XL:     12   Next: 77%
Magic:  14/14      EV: 11    Int:  9    God:    Makhleb [*****.]
Gold:   143        SH:  0    Dex: 12    Spells: 11/11 levels left

rFire    + . .     SeeInvis +   P - +4 battleaxe (elec)
rCold    . . .     Gourm    .   (shield currently unavailable)
rNeg     . . .     Faith    +   A - +7 chain mail of the Archfiend {-Cast rElec rC- SInv}
rPois    +         Spirit   .   y - +2 helmet {Int+3}
rElec    +         Reflect  .   c - scarf {rC+ rF+}
rCorr    .         Harm     .   E - +0 pair of gloves of the Doge {rPois}
MR       ++...     NoCast   +   B - +2 pair of boots
Stlth    ..........             R - amulet of faith
HPRegen  0.00/turn              m - ring of protection from magic
MPRegen  0.14/turn              D - +3 ring of evasion

@: non-regenerating, mildly diseased
A: damage resistance, heal wounds, [dopey 2], [frail 1], sense surroundings 2,
[screaming 2], [weak 1], no regeneration
a: Heal Wounds, Minor Destruction, Lesser Servant of Makhleb, Major Destruction,
Greater Servant of Makhleb, Renounce Religion


You were on level 1 of the Abyss.
You worshipped Makhleb.
Makhleb was extremely pleased with you.
You were not hungry.

You visited 2 branches of the dungeon, and saw 14 of its levels.
You visited the Abyss 1 time.
You visited 1 bazaar.
You also visited: Ossuary, Bailey and Ice Cave.

You collected 1994 gold pieces.
You spent 1851 gold pieces at shops.

Inventory:

Hand Weapons
 a - a +0 war axe
 f - a +5 hand axe
   (You took it off a wight on level 5 of the Dungeon)
 p - a +3 scimitar of flaming
   (You took it off Erica on level 9 of the Dungeon)
 M - the +12 hand axe of Eternity {vorpal, rElec rF- rN+ Int+3}
   (You found it in an ice cave)

   It inflicts extra damage upon your enemies.
   It affects your intelligence (+3).
   It makes you vulnerable to fire.
   It insulates you from electricity.
   It protects you from negative energy.
 P - a +4 battleaxe of electrocution (weapon)
   (You took it off Rupert on level 13 of the Dungeon)
Missiles
 G - 6 throwing nets (quivered)
Armour
 c - a scarf of resistance (worn)
   (You found it on level 12 of the Dungeon)
 x - the -1 cloak of Slovenliness {-Cast MR++ SInv}
   (You bought it in a shop on level 9 of the Dungeon)

   It affects your resistance to hostile enchantments.
   It lets you see invisible.
   It prevents spellcasting.
   If you switch to wearing this armour, your AC will remain unchanged.
 y - a +2 helmet of intelligence (worn)
   (You bought it in a shop on level 9 of the Dungeon)
 A - the +7 chain mail of the Archfiend (worn) {-Cast rElec rC- SInv}
   (You bought it in a shop on level 9 of the Dungeon)

   It makes you vulnerable to cold.
   It insulates you from electricity.
   It lets you see invisible.
   It prevents spellcasting.
   If you remove this armour, your AC will decrease by 19 (27 -> 8).
 B - a +2 pair of boots (worn)
   (You found it on level 7 of the Dungeon)
 C - a +1 cloak
   (You found it on level 9 of the Dungeon)
 E - the +0 pair of gloves of the Doge (worn) {rPois}
   (You bought it in a shop on level 9 of the Dungeon)

   It protects you from poison.
   If you remove this armour, your AC will decrease by 2 (27 -> 25).
 F - a +0 tower shield
   (You bought it in a shop on level 9 of the Dungeon)
 H - a +0 crystal plate armour
   (You took it off a gnoll sergeant in a bailey)
Jewellery
 m - a ring of protection from magic (left hand)
   (You found it on level 1 of the Dungeon)
 D - a +3 ring of evasion (right hand)
   (You found it on level 7 of the Dungeon)
 R - an amulet of faith (around neck)
   (You found it on level 13 of the Dungeon)
Wands
 v - a wand of digging (6)
   (You took it off an orc on level 8 of the Dungeon)
 I - a wand of clouds (6)
   (You found it on level 9 of the Dungeon)
 S - a wand of acid (6)
   (You found it on level 13 of the Dungeon)
Scrolls
 b - a scroll of enchant weapon
 i - 3 scrolls of fog
 n - 3 scrolls of silence
 r - a scroll of identify
 s - 3 scrolls of magic mapping
 t - 4 scrolls of teleportation
 u - 2 scrolls of immolation
 w - 5 scrolls of remove curse
 z - 4 scrolls of blinking
 J - 2 scrolls of summoning
 N - 3 scrolls of fear
 O - a scroll of holy word
Potions
 d - 3 potions of might
 g - a potion of berserk rage
 h - 3 potions of flight
 j - 2 potions of cancellation
 k - 2 potions of brilliance
 l - 5 potions of heal wounds
 o - 6 potions of lignification
 q - 4 potions of curing
 L - a potion of resistance {unknown}
 Q - 3 potions of haste
Comestibles
 e - 24 rations
 K - 3 chunks of flesh


   Skills:
 + Level 8.8 Fighting
 * Level 13.7 Axes
 + Level 10.3 Armour
 + Level 10.4 Shields
 + Level 11.0 Invocations


You had 11 spell levels left.
You didn't know any spells.
Your spell library was empty.

Dungeon Overview and Level Annotations

Branches:
Dungeon (13/15)            Temple (1/1) D:4            Lair (0/6) D:9
    Orc (0/2) D:9         Ossuary (visited)          Bailey (visited)
  IceCv (visited)
 Vaults: D:13-14

Altars:
Ashenzari
Cheibriados
Dithmenos
Gozag
Hepliaklqana
Kikubaaqudgha
Makhleb
Qazlal
Sif Muna
Trog
Wu Jian
Xom

Shops:
D:9 [%*[[

Annotations:
D:10 1 runed translucent door, bmj180's ghost, journeyman DrCj
D:13 Sonja


Innate Abilities, Weirdness & Mutations

You are resistant to damage.
You can heal yourself by infusing magical energy.
You passively map the area around you.
You do not regenerate.
[You are very dopey. (Int -4)]
[You are frail. (-10% HP)]
[You sometimes yell uncontrollably at your foes.]
[You are weak. (Str -2)]


Message History

You kill the ufetubus!
The ynoxinul gestures at you. The iron shot hits you.
You closely miss the ynoxinul. The ynoxinul gestures at you.
The iron shot hits you!
You are too injured to fight recklessly!
You are too injured to fight recklessly!
You are too injured to fight recklessly!
You are too injured to fight recklessly!
You are too injured to fight recklessly!
You are too injured to fight recklessly!
You closely miss the ynoxinul. You slash the ufetubus!
You kill the ufetubus!
The ynoxinul hits you.
You slash the ynoxinul!
The ynoxinul is heavily wounded.
The ynoxinul gestures at you. The iron shot hits you!!
You die...

#. #. #. #..# #
#.##
#..#..#.%.#
#...#..#.
#..#5..#
##.#3#.#
#...@..#
##.....# #####
#....#...... .
....#...##..#..
..
......#..#..# #
...#.##.# .#.#
###......#. #..
#..#.......##
#. #... ##. #.
#


You could see a ynoxinul and an ufetubus.

Vanquished Creatures
  Rupert (D:13)
  A green death (Abyss:1)
  A hydra (D:9)
  Erica (D:9)
  5 two-headed ogres
  A wretched star (Abyss:1)
  An unseen horror (D:9)
  Pikel (D:5)
  A cyclops (D:12)
  3 ugly things
  An ancient zyme (Abyss:1)
  2 trolls
  3 hippogriffs
  4 raiju (Abyss:1)
  2 dream sheep (D:9)
  14 yaks
  Eustachio (D:5)
  A tarantella (shapeshifter) (D:12)
  2 vampire mosquitoes (D:11)
  2 hungry ghosts
  A steam dragon (D:13)
  Menkaure (D:6)
  A soldier ant (D:12)
  3 water moccasins
  Duvessa (D:4)
  5 ice beasts
  2 slaves (D:5)
  3 sky beasts
  An orc warrior (D:13)
  A phantom (D:8)
  An ogre (shapeshifter) (D:13)
  An eye of draining (D:8)
  5 ogres
  12 centaurs
  4 big kobolds
  9 gnoll sergeants
  5 bullfrogs
  Dowan (D:4)
  An elf zombie (Ossuary)
  2 small abominations (Abyss:1)
  A water moccasin skeleton (D:11)
  3 wyvern skeletons
  4 scorpions
  11 killer bees (D:9)
  9 wights
  4 crimson imps
  2 bullfrog zombies
  A centaur zombie (D:8)
  6 hounds
  6 gnoll shamans (Bailey)
  8 orc wizards
  3 orc priests
  2 bullfrog skeletons
  5 centaur skeletons
  An iguana (D:7)
  5 worker ants
  2 hound zombies
  A hound skeleton (D:5)
  5 mummies
  A worker ant zombie (D:8)
  20 gnolls
  7 adders
  3 shadow imps
  An ufetubus (Abyss:1)
  An adder skeleton (D:6)
  4 adder zombies
  A worm (D:2)
  2 dart slugs
  2 leopard geckos
  31 orcs
  A ball python (D:3)
  6 bats
  4 giant cockroaches
  A gnoll zombie (Ossuary)
  7 goblins
  A hobgoblin (D:2)
  14 jackals
  A quokka (D:7)
  A frilled lizard (D:2)
  2 goblin zombies (Ossuary)
  3 hobgoblin zombies
  4 kobolds
  2 kobold zombies
  A leopard gecko skeleton (D:4)
  A leopard gecko zombie (D:6)
  An orc zombie (Ossuary)
  2 quokka skeletons
  3 rats
  2 rat zombies (Ossuary)
317 creatures vanquished.

Vanquished Creatures (collateral kills)
  3 ice beasts (IceCv)
3 creatures vanquished.

Vanquished Creatures (others)
  Joseph (D:7)
  An ice beast (D:5)
  4 plants (D:9)
6 creatures vanquished.

Grand Total: 326 creatures vanquished

Notes
Turn   | Place    | Note
-------+----------+-------------------------------------------
     0 | D:1      | Flugslaktarn the Deep Dwarf Fighter began the quest for the
                  | Orb.
     0 | D:1      | Reached XP level 1. HP: 20/20 MP: 1/1
   133 | D:2      | Reached XP level 2. HP: 20/27 MP: 2/2
   281 | D:2      | Reached skill level 3 in Axes
   281 | D:2      | Reached XP level 3. HP: 17/34 MP: 3/3
   500 | D:2      | Found an ancient bone altar of Kikubaaqudgha.
   500 | D:2      | Found a bloodstained altar of Trog.
   604 | D:4      | Reached XP level 4. HP: 29/42 MP: 4/4
   937 | D:4      | Noticed Duvessa
   938 | D:4      | Noticed Dowan
   960 | D:4      | Killed Duvessa
   960 | D:4      | Reached skill level 4 in Axes
   960 | D:4      | Reached XP level 5. HP: 41/49 MP: 4/4
   983 | D:4      | Killed Dowan
   983 | D:4      | Reached XP level 6. HP: 47/56 MP: 5/5
  1040 | D:4      | Found a staircase to the Ecumenical Temple.
  1173 | Temple   | Entered the Ecumenical Temple
  1259 | Temple   | Became a worshipper of Makhleb the Destroyer
  1302 | D:5      | Entered Level 5 of the Dungeon
  1302 | D:5      | Found a burning altar of Makhleb.
  1304 | D:5      | Noticed a water moccasin
  1320 | D:5      | Killed a water moccasin
  1320 | D:5      | Reached skill level 5 in Axes
  1320 | D:5      | Reached skill level 1 in Invocations
  1364 | D:5      | Noticed a slave
  1368 | D:5      | Noticed a slave
  1369 | D:5      | Noticed a slave
  1372 | D:5      | Killed a slave
  1377 | D:5      | Noticed Pikel
  1381 | D:5      | Killed a slave
  1392 | D:5      | Killed Pikel
  1392 | D:5      | Reached skill level 6 in Axes
  1392 | D:5      | Reached skill level 5 in Armour
  1392 | D:5      | Reached skill level 5 in Shields
  1392 | D:5      | Reached XP level 7. HP: 41/64 MP: 4/7
  1422 | D:5      | Found a sand-covered staircase.
  1429 | Ossuary  | Entered an ossuary
  1654 | D:5      | Reached * piety under Makhleb
  1654 | D:5      | Reached XP level 8. HP: 39/73 MP: 8/8
  1671 | D:5      | Noticed Eustachio
  1690 | D:5      | Killed Eustachio
  2050 | D:5      | Reached skill level 7 in Axes
  2597 | D:6      | Reached skill level 5 in Fighting
  2914 | D:6      | Noticed Menkaure
  2926 | D:6      | Killed Menkaure
  2926 | D:6      | Reached skill level 8 in Axes
  2926 | D:6      | Reached skill level 5 in Invocations
  2926 | D:6      | Gained mutation: You passively map the area around you.
                  | [Deep Dwarf growth]
  2926 | D:6      | Reached XP level 9. HP: 44/81 MP: 8/8
  3066 | D:6      | Found a stormy altar of Qazlal.
  3349 | D:7      | Reached ** piety under Makhleb
  3641 | D:7      | Found an ornate altar of the Wu Jian Council.
  3641 | D:7      | Noticed Joseph
  3657 | D:7      | Killed Joseph
  3712 | D:7      | Found a stormy altar of Qazlal.
  3788 | D:7      | Noticed a purple ugly thing
  3808 | D:7      | Killed a purple ugly thing
  3808 | D:7      | Reached skill level 9 in Axes
  4098 | D:8      | Noticed a two-headed ogre
  4106 | D:8      | Killed a two-headed ogre
  4106 | D:8      | Reached XP level 10. HP: 49/91 MP: 9/11
  4328 | D:8      | Reached skill level 10 in Axes
  4510 | D:8      | Found a flagged portal.
  4512 | D:8      | Reached *** piety under Makhleb
  4534 | Bailey   | Entered a bailey
  4726 | Bailey   | Identified the cursed +1 hand crossbow of the Warrior-Mage
                  | {venom, rPois MR+ Int-2}
  4867 | Bailey   | Reached **** piety under Makhleb
  5379 | D:9      | Found a snail-covered altar of Cheibriados.
  5481 | D:9      | Killed an unseen horror
  5553 | D:9      | Found a hazy altar of Hepliaklqana.
  5599 | D:9      | Reached skill level 11 in Axes
  5622 | D:9      | Noticed a two-headed ogre
  5637 | D:9      | Killed a two-headed ogre
  5637 | D:9      | Reached XP level 11. HP: 49/100 MP: 13/13
  5677 | D:9      | Found Biazo's General Store.
  5682 | D:9      | Noticed Erica
  5708 | D:9      | Killed Erica
  5745 | D:9      | Bought the +0 pair of gloves of the Doge {rPois} for 172
                  | gold pieces
  5851 | D:9      | Found Kaesep's Antique Armour Shop.
  5857 | D:9      | Bought a runed helmet for 232 gold pieces
  5868 | D:9      | Bought an ichor-stained cloak for 294 gold pieces
  5878 | D:9      | Identified the cursed -1 cloak of Slovenliness {-Cast MR++
                  | SInv} (You bought it in a shop on level 9 of the Dungeon)
  5886 | D:9      | Found Piuna's Food Shop.
  5940 | D:9      | Found Pirphelu's Antique Armour Shoppe.
  5947 | D:9      | Bought a tower shield for 126 gold pieces
  6069 | D:9      | Found a staircase to the Orcish Mines.
  6083 | D:9      | Found Folani's Antique Armour Shop.
  6091 | D:9      | Bought a translucent chain mail for 275 gold pieces
  6101 | D:9      | Identified the +7 chain mail of the Archfiend {-Cast rElec
                  | rC- SInv} (You bought it in a shop on level 9 of the
                  | Dungeon)
  6203 | D:9      | Noticed a three-headed hydra
  6207 | D:9      | Killed a one-headed hydra
  6274 | D:9      | Found a staircase to the Lair.
  6440 | D:10     | Entered Level 10 of the Dungeon
  6482 | D:10     | Found a shadowy altar of Dithmenos.
  6770 | D:10     | Found a runed translucent door.
  6770 | D:10     | Noticed bmj180's ghost (journeyman DrCj)
  6804 | D:10     | Reached ***** piety under Makhleb
  7094 | D:11     | Reached skill level 12 in Axes
  7126 | D:11     | Found an opulent altar of Gozag.
  7259 | D:11     | Noticed a two-headed ogre
  7274 | D:11     | Killed a two-headed ogre
  7563 | D:12     | Found a frozen archway.
  7663 | IceCv    | Entered an ice cave
  7663 | IceCv    | Noticed a white ugly thing
  7664 | IceCv    | Found a transporter.
  7682 | IceCv    | Killed a white ugly thing
  7698 | IceCv    | Noticed a white ugly thing
  7699 | IceCv    | Found a transporter.
  7708 | IceCv    | Got a pitted hand axe
  7715 | D:12     | Identified the +12 hand axe of Eternity {vorpal, rElec rF-
                  | rN+ Int+3} (You found it in an ice cave)
  7729 | D:12     | Noticed a two-headed ogre
  7736 | D:12     | Reached XP level 12. HP: 72/110 MP: 14/14
  7742 | D:12     | Killed a two-headed ogre
  7742 | D:12     | Reached skill level 10 in Invocations
  7882 | D:12     | Noticed a two-headed ogre
  7887 | D:12     | Killed a two-headed ogre
  8487 | D:13     | Reached skill level 13 in Axes
  8681 | D:13     | Noticed Rupert
  8720 | D:13     | Killed Rupert
  8720 | D:13     | Reached skill level 10 in Armour
  8720 | D:13     | Reached skill level 10 in Shields
  8948 | D:13     | Noticed Sonja
  9072 | D:13     | Found a flickering gateway to a bazaar.
  9083 | Bazaar   | Entered a bazaar
  9083 | Bazaar   | Found Vaubbam's Antique Armour Boutique.
  9089 | Bazaar   | Found Tojuasol's Distillery.
  9095 | Bazaar   | Found Qumydgh's Food Boutique.
  9097 | Bazaar   | Bought 2 potions of heal wounds for 140 gold pieces
  9097 | Bazaar   | Bought a potion of haste for 140 gold pieces
  9097 | Bazaar   | Bought a potion of haste for 140 gold pieces
  9106 | Bazaar   | Found Temnug's Food Emporium.
  9142 | Bazaar   | Found Wequgaaxo's Antique Armour Shop.
  9150 | Bazaar   | Bought a faintly glowing chain mail for 332 gold pieces
  9150 | Bazaar   | Identified the cursed +1 chain mail of Vlad {rElec rPois
                  | rCorr} (You bought it in a shop in a bazaar)
  9595 | D:13     | Cast into level 1 of the Abyss (Sonja)
  9729 | Abyss:1  | Noticed a green death
  9742 | Abyss:1  | Killed a green death
  9787 | Abyss:1  | Killed from afar by a ynoxinul

Levels and vault maps discovered:
D:1:      lightli_arrival_flooded_house, layout_rooms
D:2:      layout_basic, nicolae_ru_the_path_less_chosen,
          nicolae_overflow_hidden_temple, grunt_decor_clamped
D:3:      lemuel_castle_with_subvaults [lemuel_castle_interior_carwin_2],
          layout_loops_cross, first_ration, kennysheep_boxes, uniq_ijyb
D:4:      layout_gridville, minmay_temple_entry_enclosed_plants, minmay_unequal,
          uniq_duvessa
D:5:      layout_basic, nicolae_ossuary_entry_giza, portal_sewer_entry_b,
          basic_altar, chequers_serial_rivers_large_a, uniq_eustachio,
          uniq_pikel
D:6:      layout_gridville, grunt_qazlal_clouds, uniq_menkaure
D:7:      layout_loops_ring, old_standard_altar, kennysheep_little_box,
          minmay_stone_trees_small, uniq_joseph
D:8:      layout_basic, enter_bailey_3
D:9:      layout_loops_ring, kennysheep_mini_moat, old_standard_altar,
          lair_entry_dummy, orc_0_dummy, serial_shops, shop,
          nicolae_shop_statue_plus, shop, shop, nicolae_shop_overgrown_old_shop,
          hangedman_ranch [blue_anna_fruit_fields], uniq_erica
D:10:     layout_basic, basic_altar, serial_glass, glass_columns_c,
          glass_columns_b, due_unseen_surprise, item_on_display_b,
          item_on_display_a, ebering_ghost_reflecting_pool
D:11:     layout_cave_pools, grunt_gozag_breadcrumbs
D:12:     layout_basic, portal_ice_cave_entry_pillars_2,
          chequers_serial_rivers_small_a
D:13:     layout_layer_cave, serial_shops, freezing_bzr, uniq_rupert, uniq_sonja
Temple:   regret_index_temple_generic_petals
Abyss:1:  base:
D:1

Skill      XL: |  1  2  3  4  5  6  7  8  9 10 11 12 |
---------------+-------------------------------------+-----
Fighting       | 3 4 5 6 7 8 |  8.8
Axes           | 3 4 6 8 9 11 12 13 | 13.7
Shields        | 4 5 6 7 8 9 10 | 10.4
Armour         | 4 5 6 7 8 9 10 | 10.3
Invocations    | 2 3 5 6 8 9 11 | 11.0

Action                   |  1- 3 |  4- 6 |  7- 9 | 10-12 || total
-------------------------+-------+-------+-------+-------++-------
Melee: War axe           |   126 |    96 |   139 |       ||   361
       Hand axe          |       |       |   219 |   848 ||  1067
       Scimitar          |       |       |       |     9 ||     9
       Battleaxe         |       |       |       |    61 ||    61
Invok: Lesser Servant of |       |       |       |     2 ||     2
 Abil: Heal Wounds       |     2 |     5 |    10 |    15 ||    32
  Use: Scroll            |       |     4 |     6 |    17 ||    27
       Potion            |       |       |     1 |       ||     1
  Eat: Chunk             |       |     2 |     6 |    17 ||    25
       Ration            |       |       |     1 |     2 ||     3
Armor: Scale mail        |    77 |    54 |   114 |   114 ||   359
       Crystal plate arm |       |       |       |   143 ||   143
       Chain mail        |       |       |       |   212 ||   212
Dodge: Dodged            |    61 |    35 |    92 |   325 ||   513
Block: Kite shield       |    99 |    53 |   174 |   341 ||   667
       Tower shield      |       |       |       |   315 ||   315

Table legend:
 A = Non-vault XP
 B = Vault XP
 C = Vault XP percentage of total XP
 D = Non-vault monster count
 E = Vault monster count
 F = Vault count percentage of total count
                 A         B        C        D         E       F
            +---------+---------+-------+---------+---------+-------
      Total |   24194 |   10181 |  29.6 |     236 |      82 |  25.8
            +---------+---------+-------+---------+---------+-------
        D:1 |       4 |       0 |   0.0 |       1 |       0 |   0.0
        D:2 |      56 |       0 |   0.0 |      18 |       0 |   0.0
        D:3 |      17 |      18 |  51.4 |       9 |       3 |  25.0
        D:4 |      58 |     236 |  80.3 |       5 |       3 |  37.5
        D:5 |     620 |     869 |  58.4 |      13 |       8 |  38.1
        D:6 |    1014 |     165 |  14.0 |      20 |       1 |   4.8
        D:7 |    1653 |       0 |   0.0 |      26 |       0 |   0.0
        D:8 |    2653 |       7 |   0.3 |      28 |       4 |  12.5
        D:9 |    3135 |    3196 |  50.5 |      30 |       9 |  23.1
       D:10 |    1462 |       0 |   0.0 |      14 |       0 |   0.0
       D:11 |    3796 |       0 |   0.0 |      17 |       0 |   0.0
       D:12 |    3811 |       0 |   0.0 |      19 |       0 |   0.0
       D:13 |    2375 |    3203 |  57.4 |      26 |       1 |   3.7
    Abyss:1 |    3540 |       0 |   0.0 |      10 |       0 |   0.0
    Ossuary |       0 |     189 | 100.0 |       0 |      16 | 100.0
     Bailey |       0 |    1238 | 100.0 |       0 |      30 | 100.0
      IceCv |       0 |    1060 | 100.0 |       0 |       7 | 100.0
            +---------+---------+-------+---------+---------+-------
